 Dungeon Crawl Stone Soup version 0.28.0 (webtiles) character file.

Game seed: 238453610629015347

27 croobank the Firebug (level 2, 0/19 HPs)
             Began as a Demonspawn Fire Elementalist on Feb 18, 2022.
             Killed from afar by a dart slug (5 damage)
             ... with a slug dart
             ... on level 1 of the Dungeon.
             The game lasted 00:03:53 (941 turns).

croobank the Firebug (Demonspawn Fire Elementalist)  Turns: 941, Time: 00:03:54

Health: 0/19       AC:  2    Str:  8    XL:     2   Next: 93%
Magic:  0/5        EV: 12    Int: 16    God:
Gold:   44         SH:  0    Dex: 13    Spells: 2/5 levels left

rFire   . . .      SeeInvis .   (no weapon)
rCold   . . .      Faith    .   (no shield)
rNeg    . . .      Spirit   .   a - +0 robe
rPois   .          Reflect  .   (no helmet)
rElec   .          Harm     .   (no cloak)
rCorr   .          Rampage  .   (no gloves)
Will    .....                   (no boots)
Stlth   ++........              (no amulet)
HPRegen 0.06/turn               (no ring)
MPRegen 0.09/turn               (no ring)

@: no status effects
A: weakness stinger 1
a: no special abilities


You were on level 1 of the Dungeon.
You visited 1 branch of the dungeon, and saw 1 of its levels.

You collected 44 gold pieces.

Inventory:

Missiles
 h - 11 stones
Armour
 a - a +0 robe (worn)
 c - a +0 leather armour
Scrolls
 b - a scroll of noise
 d - a scroll of identify {unknown}
 g - a scroll of magic mapping {unknown}
Potions
 e - a potion of magic {unknown}
 f - a potion of curing {unknown}


   Skills:
 + Level 2.1 Dodging
 + Level 2.2 Stealth
 + Level 2.2 Spellcasting
 + Level 1.4 Conjurations
 + Level 2.9 Fire Magic


You had 2 spell levels left.
You knew the following spells:

 Your Spells              Type           Power      Damage    Failure   Level
a - Foxfire               Conj/Fire      32%        2x1d5     9%          1
b - Scorch                Fire           22%        2d6       9%          2

Your spell library contained the following spells:

 Spells                   Type           Power      Damage    Failure   Level
 Conjure Flame            Conj/Fire      8%         6-21      24%         3
 Inner Flame              Hex/Fire       6%         N/A       32%         3
 Flame Wave               Conj/Fire      8%         2d5       63%         4


Dungeon Overview and Level Annotations

Branches:
Dungeon (1/15)

Altars:


Innate Abilities, Weirdness & Mutations

You have a small tail.


Message History

The dart slug is no longer more vulnerable to fire.
The hobgoblin closely misses you.
Your magical contamination has completely faded away.
You hit the hobgoblin but do no damage. You tail-slap the hobgoblin.
The hobgoblin is moderately wounded.
The dart slug completely misses you. The hobgoblin barely misses you.
You closely miss the hobgoblin.
The hobgoblin is moderately wounded.
The hobgoblin closely misses you. The dart slug bites you.
You closely miss the hobgoblin. You tail-slap the hobgoblin.
The hobgoblin is almost dead.
The hobgoblin hits you.
You completely miss the hobgoblin.
The hobgoblin is almost dead.
The dart slug bites you but does no damage.
The hobgoblin closely misses you.
You barely miss the hobgoblin.
The hobgoblin is almost dead.
The hobgoblin barely misses you. The dart slug launches a dart at you.
The slug dart hits you.
You closely miss the hobgoblin.
You tail-slap the hobgoblin, but do no damage.
The hobgoblin is almost dead.
The hobgoblin completely misses you. The dart slug launches a dart at you.
The slug dart misses you.
Casting: Foxfire (safe; 9% risk of failure)
Confirm with . or Enter, or press ? or * to list all spells.
You conjure some foxfire!
The hobgoblin hits you.
* * * LOW HITPOINT WARNING * * *
You closely miss the hobgoblin.
The hobgoblin is almost dead.
The foxfire hits the hobgoblin.
You kill the hobgoblin!
The foxfire hits the dart slug but does no damage.
The dart slug is heavily wounded.
The dart slug launches a dart at you. The slug dart hits you.
You die...

#.##. . .. #####
#.(. ....## #.#.##
..♣..# ##....# #
....## #.....#.#
##### #####
#.w†#.#
.######...## #@§[#
...........# #§###
........⌠..# #.#
...........#####.#
.######...##.....#
##
##'######.###### #
###..# #.........#
####...##
####.####.#
##....###
#.####.###


You could see a dart slug.

Vanquished Creatures
  A dart slug (D:1)
  A ball python (D:1)
  4 endoplasms (D:1)
  6 giant cockroaches (D:1)
  3 hobgoblins (D:1)
  A quokka (D:1)
  A bat (D:1)
  2 frilled lizards (D:1)
  3 kobolds (D:1)
22 creatures vanquished.

Vanquished Creatures (others)
  51 foxfires (D:1)
51 creatures vanquished.

Grand Total: 73 creatures vanquished

Notes
Turn   | Place    | Note
-------+----------+-------------------------------------------
     0 | D:1      | croobank the Demonspawn Fire Elementalist began the quest
                  | for the Orb.
     0 | D:1      | Reached XP level 1. HP: 13/13 MP: 3/3
   461 | D:1      | Gained mutation: You have a small tail. [demonic ancestry]
   461 | D:1      | Reached XP level 2. HP: 19/19 MP: 0/5
   690 | D:1      | Learned a level 2 spell: Scorch
   941 | D:1      | Killed from afar by a dart slug

Illustrated notes

Levels and vault maps discovered:
D:1:      minmay_arrival_split_and_join, layout_loops_cross

Skill      XL: |  1  2 |
---------------+-------+-----
Stealth        | 2 |  2.2
Dodging        | 2 |  2.1
Spellcasting   | |  2.2
Conjurations   | |  1.4
Fire Magic     | |  2.9

Action                   || total
-------------------------++-------
Melee: Unarmed           ||    46
       Tailslap          ||     8
       Punch             ||     1
 Cast: Foxfire           ||    33
       Scorch            ||     1
  Use: Scroll            ||     1
Armor: Robe              ||     7
Dodge: Dodged            ||    43
